 Dungeon Crawl Stone Soup version 0.31-a0-239-g0a1456f148 (webtiles) character file.

Game seed: 14269193453051705432

65 qw the Shooter (level 3, 0/29 HPs)
             Began as a Minotaur Hexslinger on July 11, 2023.
             Slain by an orc wizard
             ... wielding a +0 dagger
              (2 damage)
             ... on level 3 of the Dungeon.
             The game lasted 00:00:37 (1876 turns).

qw the Shooter (Minotaur Hexslinger)                Turns: 1876, Time: 00:00:38

Health: 0/29       AC:  2    Str: 12    XL:     3   Next: 94%
Magic:  3/3        EV: 12    Int: 10    God:
Gold:   75         SH:  0    Dex: 14    Spells: 3/4 levels left

rFire   . . .        Y - +1 sling
rCold   . . .        (no shield)
rNeg    . . .        c - +0 robe
rPois   .            (helmet restricted)
rElec   .            (no cloak)
rCorr   .            (no gloves)
SInv    .            (no boots)
Will    .....        (no amulet)
Stlth   +            (no ring)
HPRegen 0.24/turn    (no ring)
MPRegen 0.08/turn

%: no passive effects
@: no status effects
A: horns 2, retaliatory headbutt
a: no special abilities


You were on level 3 of the Dungeon.
You visited 1 branch of the dungeon, and saw 3 of its levels.

You collected 75 gold pieces.


Innate Abilities, Weirdness & Mutations

You have a pair of horns on your head.
You reflexively headbutt those who attack you in melee.


   Skills:
 - Level 2.0 Fighting
 + Level 4.4 Ranged Weapons
 - Level 2.1 Dodging
 - Level 1.0 Spellcasting
 - Level 2.0 Hexes


You had 3 spell levels left.
You knew the following spells:

 Your Spells              Type           Power      Damage    Failure   Level
a - Slow                  Hex            16%        N/A       16%         1

Your spell library contained the following spells:

 Spells                   Type           Power      Damage    Failure   Level
 Inner Flame              Hex/Fire       2%         N/A       56%         3
 Portal Projectile        Hex/Tloc       4%         N/A       56%         3
 Cause Fear               Hex            2%         N/A       83%         4

Inventory:

Hand Weapons
 Y - a +1 sling (weapon)
Armour
 c - a +0 robe (worn)
Potions
 b - a potion of ambrosia {unknown}
 d - a potion of curing
 e - a potion of heal wounds {unknown}
 f - a potion of haste {unknown}
 g - a potion of enlightenment {unknown}

Dungeon Overview and Level Annotations

Branches:
Dungeon (3/15)

Altars:

Shops:
D:2 (


Message History

You shoot a sling bullet.
The sling bullet hits the orc but does no damage.
The orc is moderately wounded.
The orc hits you with a +1 falchion of holy wrath.
The orc barely misses you. You furiously retaliate!
You headbutt the orc.
You kill the orc!
You shoot a sling bullet.
The sling bullet hits the orc but does no damage.
The orc hits you with a +1 falchion of holy wrath.
You shoot a sling bullet. The sling bullet hits the orc.
The orc is moderately wounded.
Something hits you but does no damage.
The orc hits you with a +1 falchion of holy wrath.
You shoot a sling bullet. The sling bullet hits the orc.
The orc is almost dead.
Something hits you. The orc closely misses you. You furiously retaliate!
You headbutt the orc!
You kill the orc!
1868 ||| FLEEEEING.
1869 ||| FLEEEEING.
1870 ||| FLEEEEING.
You shoot a sling bullet.
You hear some strange, mumbled words.
Something tries to affect you, but you resist.
You shoot a sling bullet. The sling bullet hits the orc.
The orc is almost dead.
The orc closely misses you. You furiously retaliate!
You headbutt the orc!
You kill the orc!
Something hits you.
You shoot a sling bullet.
You hear some strange, mumbled words.
A magic dart appears from out of thin air!
The magic dart hits you! Something hits you.
You shoot a sling bullet. Something hits you.
You shoot a sling bullet. Something hits you.
You shoot a sling bullet. Something hits you.
You die...

### .#.. ... .. .#
#####.# .##
#.....#
....###..)..#####.
.........{@.......
##.#.)...#+#####.#
#...)###........#
#.... #........#
.....). #........#
....... #........#
....... #........#
.##.#..
#........#########
#.#..
#........%.....(..


There were no monsters in sight!

Vanquished Creatures
  An adder (D:3)
  3 dart slugs
  6 orcs (D:3)
  3 ball pythons
  5 bats
  A giant cockroach (D:2)
  4 goblins (D:1)
  3 hobgoblins
  3 jackals (D:2)
  4 kobolds
  3 quokkas (D:1)
  4 frilled lizards
  2 rats (D:1)
42 creatures vanquished.

Notes
Turn   | Place    | Note
-------+----------+-------------------------------------------
     0 | D:1      | qw the Minotaur Hexslinger began the quest for the Orb.
     0 | D:1      | Reached XP level 1. HP: 16/16 MP: 1/1
     0 | D:1      | 0 ||| qw: Version: 0.3-a-52-g30416fa
     0 | D:1      | 0 ||| qw: Game counter: 5927
     0 | D:1      | 0 ||| qw: Melee chars always use a shield: true
     0 | D:1      | 0 ||| qw: God list: Okawaru
     0 | D:1      | 0 ||| qw: Allow faded altars: false
     0 | D:1      | 0 ||| qw: Do Orc after clearing Dungeon:15 true
     0 | D:1      | 0 ||| qw: Do second Lair branch before Depths: true
     0 | D:1      | 0 ||| qw: Lair rune preference: random
     0 | D:1      | 0 ||| qw: Goals: Normal
     0 | D:1      | 0 ||| PLANNING D:1-11
   123 | D:1      | 123 ||| FLEEEEING.
   138 | D:1      | 138 ||| FLEEEEING.
   214 | D:1      | Reached skill level 3 in Ranged Weapons
   214 | D:1      | Reached XP level 2. HP: 18/23 MP: 2/2
  1031 | D:1      | 1031 ||| READING 2 scrolls labelled IROUDU RYAF.
  1032 | D:1      | 1032 ||| DROPPING scroll of noise.
  1033 | D:1      | 1033 ||| DROPPING scroll of poison.
  1097 | D:2      | Reached XP level 3. HP: 29/29 MP: 3/3
  1502 | D:2      | Found Lihuraop's Antique Weapon Boutique.
  1645 | D:2      | 1645 ||| READING scroll labelled ZARIOBORRE.
  1646 | D:2      | 1646 ||| DRINKING 2 cyan potions.
  1686 | D:3      | 1686 ||| FLEEEEING.
  1687 | D:3      | 1687 ||| FLEEEEING.
  1688 | D:3      | 1688 ||| FLEEEEING.
  1689 | D:3      | 1689 ||| FLEEEEING.
  1690 | D:3      | 1690 ||| FLEEEEING.
  1691 | D:3      | 1691 ||| FLEEEEING.
  1692 | D:3      | 1692 ||| FLEEEEING.
  1693 | D:3      | 1693 ||| FLEEEEING.
  1694 | D:3      | 1694 ||| FLEEEEING.
  1695 | D:3      | 1695 ||| FLEEEEING.
  1696 | D:3      | 1696 ||| FLEEEEING.
  1697 | D:3      | 1697 ||| STAIRDANCE
  1711 | D:3      | Reached skill level 4 in Ranged Weapons
  1713 | D:3      | 1713 ||| STAIRDANCE
  1868 | D:3      | 1868 ||| FLEEEEING.
  1869 | D:3      | 1869 ||| FLEEEEING.
  1870 | D:3      | 1870 ||| FLEEEEING.
  1873 | D:3      | HP: 6/29 [something/magic dart (7)]
  1875 | D:3      | HP: 2/29 [something (2)]
  1876 | D:3      | Slain by an orc wizard

Levels and vault maps discovered:
D:1:      nicolae_arrival_memento_mori, layout_loops_corners, st_stairs_4
D:2:      layout_loops_cross, serial_shops, nicolae_shop_stone
D:3:      layout_basic, mainiacjoe_overflow_cross_hatched, roderic_batcave,
          kennysheep_minor_cross, uniq_jessica, uniq_grinder, uniq_sigmund

Skill      XL: |  1  2  3 |
---------------+----------+-----
Ranged Weapons | 3 4 |  4.4
Fighting       | 2 |  2.0
Dodging        | |  2.1
Spellcasting   | |  1.0
Hexes          | |  2.0

Action                     || total
---------------------------++-------
   Fire: Sling             ||   135
    Use: Scroll            ||     2
         Potion            ||     1
 Armour: Robe              ||    17
  Dodge: Dodged            ||    46

Table legend:
 A = Non-vault XP
 B = Vault XP
 C = Vault XP percentage of total XP
 D = Non-vault monster count
 E = Vault monster count
 F = Vault count percentage of total count
                 A         B        C        D         E       F
            +---------+---------+-------+---------+---------+-------
      Total |      88 |       6 |   6.4 |      40 |       2 |   4.8
            +---------+---------+-------+---------+---------+-------
        D:1 |      34 |       6 |  15.0 |      20 |       2 |   9.1
        D:2 |      22 |       0 |   0.0 |      12 |       0 |   0.0
        D:3 |      32 |       0 |   0.0 |       8 |       0 |   0.0
            +---------+---------+-------+---------+---------+-------
